 Dungeon Crawl Stone Soup version 0.31-a0-1082-g7d1fb776a8 (webtiles) character file.

Game seed: 10391944441231143174

64 Chimkentus the Stinger (level 4, -3/27 HPs)
             Began as an Octopode Venom Mage on Nov 27, 2023.
             Slain by an iguana (9 damage)
             ... on level 4 of the Dungeon.
             The game lasted 00:05:54 (1403 turns).

Chimkentus the Stinger (Octopode Venom Mage)        Turns: 1403, Time: 00:05:54

Health: -3/27      AC:  1    Str:  9    XL:     4   Next: 12%
Magic:  5/7        EV: 13    Int: 17    God:
Gold:   80         SH:  0    Dex: 12    Spells: 3/7 levels left

rFire   . . .        j - +0 mace
rCold   . . .        (no shield)
rNeg    . . .        (helmet currently unavailable)
rPois   .            (no amulet)
rElec   .            (no ring)
rCorr   .            (no ring)
SInv    .            (no ring)
Will    .....        (no ring)
Stlth   +++          (no ring)
HPRegen 0.24/turn    (no ring)
MPRegen 0.10/turn    (no ring)
                     (no ring)

%: no passive effects
@: beast-form
A: beast (slay +0), almost no armour, amphibious, 8 rings, camouflage 1,
gelatinous body 1, (nimble swimmer 1), tentacles
a: Begin Untransformation


You were on level 4 of the Dungeon.
You were a hulking beast.
You visited 1 branch of the dungeon, and saw 3 of its levels.

You collected 80 gold pieces.

Inventory:

Hand Weapons
 j - a +0 mace (weapon)
Missiles
 c - 4 boomerangs
Talismans
 e - a beast talisman (active)
Scrolls
 b - a scroll of revelation {unknown}
 d - a scroll of fear {unknown}
 h - a scroll of poison {unknown}
 i - a scroll of torment {unknown}
 k - a scroll of identify {unknown}
 l - a scroll of brand weapon {unknown}
Potions
 a - a potion of magic
 f - 2 potions of attraction {unknown}
 g - a potion of mutation {unknown}


   Skills:
 + Level 0.1 Fighting
 + Level 0.1 Maces & Flails
 + Level 2.0 Dodging
 + Level 3.0 Stealth
 + Level 0.5 Unarmed Combat
 + Level 2.4 Spellcasting
 + Level 2.0 Transmutations
 + Level 4.3 Poison Magic
 * Level 0.8 Shapeshifting


You had 3 spell levels left.
You knew the following spells:

 Your Spells              Type           Power      Damage    Failure   Level
a - Sting                 Tmut/Pois      48%        1d5       4%          1
b - Mephitic Cloud        Conj/Pois/Air  7%         N/A       30%         3

Your spell library contained the following spells:

 Spells                   Type           Power      Damage    Failure   Level
 Poisonous Vapours        Pois/Air       18%        N/A       12%         2
 Olgreb's Toxic Radiance  Pois           16%        N/A       30%         4
 Freezing Cloud           Conj/Ice/Air   1%         6-21      99%         5


Dungeon Overview and Level Annotations

Branches:
Dungeon (2/15)

Altars:


Innate Abilities, Weirdness & Mutations

You are a hulking beast.
Your limbs bulge with bestial killing power. (Slay +0)
You cannot wear most types of armour.
You are amphibious.
You can wear up to eight rings at the same time.
Your skin changes colour to match your surroundings (Stealth+).
Your rubbery body absorbs attacks. (AC +1, EV +1)
((You are camouflaged when in or above water. (Stealth+)))
You have tentacles for arms and can constrict up to eight enemies at once.


Message History

Aim: an orc, wielding a +0 club (asleep, 100% to hit)
The sting hits the orc.
The orc is poisoned.
The orc is heavily wounded.
The orc shouts!
The orc barely misses you.
You hit the orc.
You kill the orc!
You hear the slow rusting of a very distant drain.
An iguana comes into view.
The iguana hisses angrily.
You see here a +0 club.
Casting: Sting (safe; 4% risk of failure)
Confirm with . or Enter, or press ? or * to list all spells.
Aiming: Sting (safe; 4% risk of failure)
Press: ? - help, Shift-Dir - straight line, f - iguana
Aim: an iguana (75% to hit)
The sting hits the iguana.
The iguana is poisoned.
The iguana is lightly wounded.
Casting: Sting (safe; 4% risk of failure)
Confirm with . or Enter, or press ? or * to list all spells.
Aiming: Sting (safe; 4% risk of failure)
Press: ? - help, Shift-Dir - straight line, f/p - iguana
Aim: an iguana (lightly wounded, poisoned, 75% to hit)
The sting hits the iguana but does no damage.
The iguana looks even sicker.
The iguana is lightly wounded.
You barely miss the iguana. You grab the iguana. You squeeze the iguana.
The iguana is heavily wounded.
You constrict the iguana, but do no damage.
The iguana bites you! The iguana misses you.
You hit the iguana but do no damage.
The iguana is heavily wounded.
You constrict the iguana, but do no damage.
The iguana bites you!
* * * LOW HITPOINT WARNING * * *
You hit the iguana.
The iguana is severely wounded.
You constrict the iguana, but do no damage.
The iguana bites you!
You die...

... # #.### ..
....# # #.#####.#.#
.. ......#.# ##
..#.####....$.# ..
...........$###.#
##... #....)hl...#
..... #
#.#.#####.....
##### #.##.#.....#
... #
#.##......###.# . #
#.#####......<. #
#.##.....#.##.#
#####.##.##.......#
.......#.##..#.....
#####..#.##.......#


You could see an iguana (very poisoned).

Vanquished Creatures
  A hound (D:4)
  An adder (D:2)
  A dart slug (D:1)
  An orc (D:4)
  2 ball pythons
  A giant cockroach (D:1)
  2 hobgoblins (D:1)
  2 quokkas (D:1)
  A bat (D:1)
  2 frilled lizards (D:1)
  3 goblins
  5 kobolds
  2 rats (D:1)
24 creatures vanquished.

Notes
Turn   | Place    | Note
-------+----------+-------------------------------------------
     0 | D:1      | Chimkentus the Octopode Venom Mage began the quest for the
                  | Orb.
     0 | D:1      | Reached XP level 1. HP: 11/11 MP: 3/3
   343 | D:1      | Reached XP level 2. HP: 17/17 MP: 1/5
   514 | D:1      | Reached skill level 4 in Poison Magic
  1145 | D:2      | Reached XP level 3. HP: 19/21 MP: 3/6
  1296 | D:2      | You fall into a shaft and drop 2 floors!
  1335 | D:4      | Reached XP level 4. HP: 23/27 MP: 5/7
  1339 | D:4      | Learned a level 3 spell: Mephitic Cloud
  1403 | D:4      | Slain by an iguana

Illustrated notes

Levels and vault maps discovered:
D:1:      psy_arrival_radial02, layout_basic
D:2:      layout_loops_corners, serial_shops, nicolae_shop_just_a_little_nook,
          minivault_24
D:4:      layout_basic, mainiacjoe_sewer_entry_somewhere_in_here_2

Skill      XL: |  1  2  3 |
---------------+----------+-----
Poison Magic   | 4 |  4.3
Stealth        | 3 |  3.0
Transmutations | 2 |  2.0
Fighting       | |  0.1
Maces & Flails | |  0.1
Dodging        | |  2.0
Unarmed Combat | |  0.5
Spellcasting   | |  2.4
Shapeshifting  | |  0.8

Action                     |  1- 3 |  4- 6 || total
---------------------------+-------+-------++-------
  Melee: Unarmed           |    15 |       ||    15
         Constrict         |    10 |     1 ||    11
         Tentacles         |     8 |     1 ||     9
         Mace              |     7 |     4 ||    11
         Punch             |     1 |       ||     1
   Cast: Sting             |    25 |     3 ||    28
   Stab: Sleeping          |     2 |       ||     2
 Armour: Skin              |    16 |     3 ||    19
  Dodge: Dodged            |    20 |     2 ||    22
   Form: Beast             |     1 |       ||     1

Table legend: (Time is in decaauts)
 A = Elapsed time spent in this place.
 B = Non-inter-level travel time spent in this place.
 C = Inter-level travel time spent in this place.
 D = Time resting spent in this place.
 E = Time spent auto-exploring this place.
 F = Levels seen in this place.
 G = Mean time per level.
                   A        B        C        D        E       F      G
               +--------+--------+--------+--------+--------+-----+--------+
         Total |   1406 |   1358 |     48 |      0 |   1148 |   3 |  468.7 |
       Dungeon |   1406 |   1358 |     48 |      0 |   1148 |   3 |  468.7 |
               +--------+--------+--------+--------+--------+-----+--------+

Top non-repeatable levels by time:
     D:1: 1072 daAuts
     D:2: 224 daAuts
     D:4: 109 daAuts
